 Dungeon Crawl Stone Soup version 0.31-a0-818-ge7c7cf74f0 (webtiles) character file.

Game seed: 2216424709450221351

371 Kurtz the Chopper (level 6, -14/42 HPs)
             Began as an Octopode Fighter on Sept 22, 2023.
             Demolished by an ogre
             ... wielding a +0 giant spiked club
              (23 damage)
             ... on level 4 of the Dungeon.
             The game lasted 00:02:14 (2580 turns).

Kurtz the Chopper (Octopode Fighter)                Turns: 2580, Time: 00:02:15

Health: -14/42     AC:  1    Str: 17    XL:     6   Next: 70%
Magic:  6/6        EV: 13    Int: 10    God:
Gold:   220        SH:  4    Dex: 12    Spells: 5/5 levels left

rFire   . . .        a - +0 war axe
rCold   . . .        b - +0 buckler
rNeg    + + .        (helmet restricted)
rPois   .            n - amulet of magic regeneration
rElec   .            e - ring of resist corrosion
rCorr   +            j - ring of positive energy
SInv    .            k - ring of positive energy
Will    .....        (no ring)
Stlth   ++           (no ring)
HPRegen 0.27/turn    (no ring)
MPRegen 0.50/turn    (no ring)
                     (no ring)

%: no passive effects
@: no status effects
A: almost no armour, amphibious, 8 rings, camouflage 1, gelatinous body 1,
(nimble swimmer 1), tentacles
a: no special abilities


You were on level 4 of the Dungeon.
You visited 1 branch of the dungeon, and saw 4 of its levels.

You collected 220 gold pieces.

Inventory:

Hand Weapons
 a - a +0 war axe (weapon)
Missiles
 x - 6 poisoned darts (quivered)
Armour
 b - a +0 buckler (worn)
Jewellery
 e - a ring of resist corrosion (left tentacle)
 j - a ring of positive energy (right tentacle)
 k - a ring of positive energy (on tentacle)
 n - an amulet of magic regeneration (around mantle)
Wands
 v - a wand of quicksilver (11)
Scrolls
 d - a scroll of summoning {unknown}
 f - 7 scrolls of teleportation {unknown}
 h - a scroll of fear {unknown}
 l - 4 scrolls of identify {unknown}
 m - 3 scrolls of enchant armour {unknown}
 o - 2 scrolls of blinking {unknown}
 p - a scroll of poison {unknown}
 q - a scroll of revelation {unknown}
 s - a scroll of amnesia {unknown}
 t - a scroll of fog {unknown}
Potions
 c - a potion of might
 g - a potion of enlightenment {unknown}
 i - a potion of heal wounds {unknown}
 r - 2 potions of curing {unknown}
 u - a potion of resistance {unknown}
 w - a potion of lignification {unknown}


   Skills:
 - Level 3.0 Fighting
 * Level 6.9 Axes
 - Level 3.0 Dodging
 - Level 3.0 Shields


You had 5 spell levels left.
You didn't know any spells.
Your spell library contained the following spells:

 Spells                   Type           Power      Damage    Failure   Level
 Freeze                   Ice            0%         1d3       43%         1
 Blink                    Tloc           0%         N/A       58%         2
 Dazzling Flash           Conj/Hex       0%         N/A       82%         3
 Frozen Ramparts          Ice            0%         1d1       82%         3
 Hailstorm                Conj/Ice       0%         3d3       82%         3
 Volatile Blastmotes      Fire/Tloc      0%         2d10      82%         3
 Manifold Assault         Tloc           0%         N/A       99%         4
 Starburst                Conj/Fire      0%         6d3       100%        6
 Maxwell's Capacitive Co  Air            0%         ∞         100%        8


Dungeon Overview and Level Annotations

Branches:
Dungeon (4/15)
 Temple: D:4-7

Altars:
Cheibriados


Innate Abilities, Weirdness & Mutations

You cannot wear most types of armour.
You are amphibious.
You can wear up to eight rings at the same time.
Your skin changes colour to match your surroundings (Stealth+).
Your rubbery body absorbs attacks. (AC +1, EV +1)
((You are camouflaged when in or above water. (Stealth+)))
You have tentacles for arms and can constrict up to eight enemies at once.


Message History

You kill the ball python!
Found a stone staircase leading up.
No target in view!
Found a dagger.
No target in view!
No target in view!
An ogre comes into view. It is wielding a +0 giant spiked club.
An ogre is nearby!
Found a wand of quicksilver (6).
An ogre is nearby!
The ogre shouts!
A giant cockroach comes into view.
Aiming: Quicksilver Bolt
Press: ? - help, Shift-Dir - straight line, f - ogre
Aim: an ogre, wielding a +0 giant spiked club (86% to hit)
The bolt of dispelling energy hits the ogre!
The ogre is heavily wounded.
You hear a bark! x3
A jackal comes into view.
Found a short sword.
The ogre hits you with a +0 giant spiked club!!
Ouch! That really hurt!
* * * LOW HITPOINT WARNING * * *
The jackal barks!
You are too injured to fight recklessly!
Unknown command.
You are too injured to fight recklessly!
Unknown command.
You are too injured to fight recklessly!
You are too injured to fight recklessly!
Unknown command.
There are monsters nearby!
There are monsters nearby!
A jackal comes into view.
A jackal comes into view. x2
The jackal moves out of view.
The ogre attacks as it pursues you!
The ogre hits you with a +0 giant spiked club!!
Ouch! That really hurt!
You die...

.. #.......)###..######
##.###########......# ....#
####...# .#.### #...# ....#
#(..# #### ### #/#.######
#...# #... .....##.#......#
#...###.##
.....hh.h....#.#####.......#
..h..###.B.O@..............#
).h ###..#................#
. .>...#..#.............#
..##...#..#.#####....##.#
#..#.....# #.......##
#.#....#.# ##...###...
##.......## #......####
####.....# #....#.#
##....#...# #....#.#


You could see an ogre, 3 jackals and a giant cockroach.

Vanquished Creatures
  Sigmund (D:2)
  A hound (D:4)
  3 orc wizards
  2 adders
  A worm (D:2)
  A dart slug (D:1)
  9 orcs
  8 ball pythons
  3 bats
  9 endoplasms
  3 giant cockroaches
  7 goblins
  9 hobgoblins
  3 jackals (D:1)
  5 kobolds
  4 quokkas
  6 frilled lizards
  4 rats (D:1)
79 creatures vanquished.

Notes
Turn   | Place    | Note
-------+----------+-------------------------------------------
     0 | D:1      | Kurtz the Octopode Fighter began the quest for the Orb.
     0 | D:1      | Reached XP level 1. HP: 16/16 MP: 1/1
    83 | D:1      | Reached XP level 2. HP: 18/21 MP: 2/2
   188 | D:1      | Reached skill level 3 in Axes
   254 | D:1      | Reached XP level 3. HP: 11/26 MP: 3/3
   799 | D:2      | Noticed Sigmund
   809 | D:2      | Killed Sigmund
   810 | D:2      | Reached skill level 5 in Axes
   810 | D:2      | Reached XP level 4. HP: 12/31 MP: 4/4
   810 | D:2      | Reached XP level 5. HP: 14/36 MP: 5/5
  1040 | D:2      | Identified the +0 sling of Defence by Offence {flame, rF+
                  | Int+2 Stlth+}
  1296 | D:3      | Reached skill level 6 in Axes
  1408 | D:3      | Reached XP level 6. HP: 41/42 MP: 6/6
  1651 | D:3      | Found a snail-covered altar of Cheibriados.
  1869 | D:3      | Identified the +11 chain mail of Incorporation {Str+3}
  2580 | D:4      | Demolished by an ogre

Illustrated notes

Levels and vault maps discovered:
D:1:      orjb1_clovarrival, layout_rooms, minmay_heptomino_h4
D:2:      layout_basic, uniq_sigmund
D:3:      layout_basic, amcnicky_altar_gilded, grunt_decor_mini_mirrors
D:4:      layout_loops_cross, overflow_temple_1_default, serial_shops,
          nicolae_stop_n_shop_2, chequers_serial_rivers_micro_e,
          hangedman_decor_diamond_cutter

Skill      XL: |  1  2  3  4  5 |
---------------+----------------+-----
Axes           | 3 5 6 |  6.9
Fighting       | |  3.0
Dodging        | |  3.0
Shields        | |  3.0

Action                     |  1- 3 |  4- 6 || total
---------------------------+-------+-------++-------
  Melee: War axe           |    59 |    80 ||   139
         Constrict         |    15 |    24 ||    39
         Tentacles         |     8 |    14 ||    22
  Evoke: Wand              |       |     1 ||     1
    Use: Potion            |     1 |       ||     1
   Stab: Sleeping          |     7 |     5 ||    12
 Armour: Skin              |    23 |    25 ||    48
  Dodge: Dodged            |    32 |    47 ||    79
  Block: Buckler           |     8 |    21 ||    29

Table legend: (Time is in decaauts)
 A = Elapsed time spent in this place.
 B = Non-inter-level travel time spent in this place.
 C = Inter-level travel time spent in this place.
 D = Time resting spent in this place.
 E = Time spent auto-exploring this place.
 F = Levels seen in this place.
 G = Mean time per level.
                   A        B        C        D        E       F      G
               +--------+--------+--------+--------+--------+-----+--------+
         Total |   2619 |   2542 |     77 |    286 |   1765 |   4 |  654.8 |
       Dungeon |   2619 |   2542 |     77 |    286 |   1765 |   4 |  654.8 |
               +--------+--------+--------+--------+--------+-----+--------+

Top non-repeatable levels by time:
     D:1: 740 daAuts
     D:3: 737 daAuts
     D:4: 574 daAuts
     D:2: 567 daAuts
